 Dungeon Crawl Stone Soup version 0.28.0-45-g0d030f2227 (webtiles) character file.

Game seed: 4967609443497896882

3 DearestLeader the Vexing (level 1, 0/17 HPs)
             Began as a Gnoll Arcane Marksman on Apr 20, 2022.
             Slain by a jackal (2 damage)
             ... on level 1 of the Dungeon.
             The game lasted 00:00:17 (54 turns).

DearestLeader the Vexing (Gnoll Arcane Marksman)      Turns: 54, Time: 00:00:18

Health: 0/17       AC:  5    Str:  9    XL:     1   Next: 50%
Magic:  4/4        EV: 11    Int: 12    God:
Gold:   0          SH:  0    Dex: 12    Spells: 4/5 levels left

rFire   . . .      SeeInvis .   e - +0 spear
rCold   . . .      Faith    .   (no shield)
rNeg    . . .      Spirit   .   b - +0 ring mail
rPois   .          Reflect  .   (no helmet)
rElec   .          Harm     .   (no cloak)
rCorr   .          Rampage  .   (no gloves)
Will    .....                   (no boots)
Stlth   +.........              (no amulet)
HPRegen 0.05/turn               (no ring)
MPRegen 0.09/turn               (no ring)

@: no status effects
A: fangs 1, strong nose, distributed training
a: no special abilities


You were on level 1 of the Dungeon.
You visited 1 branch of the dungeon, and saw 1 of its levels.

Inventory:

Hand Weapons
 a - a +0 shortbow
 e - a +0 spear (weapon)
Missiles
 c - 11 arrows
Armour
 b - a +0 ring mail (worn)
 d - a +0 robe


   Skills:
 + Level 2.3 Fighting
 + Level 0.0 Short Blades
 + Level 0.0 Long Blades
 + Level 0.0 Axes
 + Level 0.0 Maces & Flails
 + Level 0.0 Polearms
 + Level 0.0 Staves
 + Level 0.0 Slings
 + Level 4.4 Bows
 + Level 0.0 Crossbows
 + Level 0.0 Throwing
 + Level 0.0 Armour
 + Level 4.4 Dodging
 + Level 0.0 Stealth
 + Level 0.0 Shields
 + Level 0.0 Unarmed Combat
 + Level 2.6 Spellcasting
 + Level 0.0 Conjurations
 + Level 5.3 Hexes
 + Level 0.0 Summonings
 + Level 0.0 Necromancy
 + Level 0.0 Translocations
 + Level 0.0 Transmutations
 + Level 0.0 Fire Magic
 + Level 0.0 Ice Magic
 + Level 0.0 Air Magic
 + Level 0.0 Earth Magic
 + Level 0.0 Poison Magic
 + Level 0.1 Invocations
 + Level 0.0 Evocations


You had 4 spell levels left.
You knew the following spells:

 Your Spells              Type           Power      Damage    Failure   Level
a - Slow                  Hex            56%        N/A       8%          1

Your spell library contained the following spells:

 Spells                   Type           Power      Damage    Failure   Level
 Inner Flame              Hex/Fire       8%         N/A       56%         3
 Portal Projectile        Hex/Tloc       16%        N/A       56%         3
 Cause Fear               Hex            7%         N/A       61%         4


Dungeon Overview and Level Annotations

Branches:
Dungeon (1/15)

Altars:


Innate Abilities, Weirdness & Mutations

You have very sharp teeth.
Your uncanny sense of smell can sniff out nearby items.
Your experience applies equally to all skills.


Message History

The jackal is almost dead.
The jackal bites you. The jackal closely misses you.
The jackal bites you but does no damage.
The jackal barely misses you.
You shoot an arrow. The arrow barely misses the jackal.
The jackal misses you.
The jackal bites you but does no damage.
The jackal closely misses you. The jackal bites you.
The jackal closely misses you. The jackal barely misses you.
You see here a +0 spear.
e - a +0 spear (weapon)
The jackal bites you but does no damage.
The jackal bites you.
The jackal bites you but does no damage.
The jackal misses you.
The jackal bites you but does no damage.
You closely miss the jackal. Your bite misses the jackal.
The jackal is almost dead.
The jackal bites you. x2
* * * LOW HITPOINT WARNING * * *
You hit the jackal.
You kill the jackal!
You hit the jackal but do no damage.
The jackal bites you but does no damage.
The jackal barely misses you.
You hit the jackal but do no damage. You bite the jackal, but do no damage.
The jackal completely misses you. The jackal bites you.
* * * LOW HITPOINT WARNING * * *
The jackal bites you but does no damage. x2
You hit the jackal. You bite the jackal, but do no damage.
The jackal is moderately wounded.
The jackal barely misses you. x2
You hit the jackal but do no damage.
The jackal is moderately wounded.
The jackal bites you but does no damage.
The jackal barely misses you. x3
You closely miss the jackal.
The jackal is lightly wounded.
The jackal bites you.
You die...

. .. #### ... ... ########
.... #.## ##......######
.....#..#####............##.
(....((...##................
.....##.#.##........<#.....≈
... ∆ #...h@........##...≈≈≈
# ∆ #####h...........≈≈≈≈≈
##.^.......≈≈≈≈≈≈≈ ∆
#........≈≈≈≈≈≈≈≈
##......≈≈≈≈≈≈≈≈≈
.......≈≈≈≈≈≈≈≈≈ ∆
#......≈≈≈≈≈≈≈≈≈≈
#......≈≈≈≈≈≈≈≈≈≈
#......≈≈≈≈≈


You could see 2 jackals.

Vanquished Creatures
  2 jackals (D:1)
  A frilled lizard (D:1)
3 creatures vanquished.

Notes
Turn   | Place    | Note
-------+----------+-------------------------------------------
     0 | D:1      | DearestLeader the Gnoll Arcane Marksman began the quest for
                  | the Orb.
     0 | D:1      | Reached XP level 1. HP: 17/17 MP: 4/4
    54 | D:1      | Slain by a jackal

Illustrated notes

Levels and vault maps discovered:
D:1:      dpeg_arrival_water_altar, layout_rooms,
          hellmonk_ecumenical_altar_the_god_not_taken, serial_shops,
          nicolae_shop_crystal

Action                   || total
-------------------------++-------
Melee: Spear             ||     7
       Bite              ||     2
 Fire: Shortbow          ||    10
Armor: Ring mail         ||     9
Dodge: Dodged            ||    16
